 Dungeon Crawl Stone Soup version 0.27-a0-1051-g288ea87c7c (webtiles) character file.

Game seed: 9043914923255081575

332 jestyr24 the Conjurer (level 6, -4/32 HPs)
             Began as a Deep Elf Conjurer on Apr 20, 2021.
             Was a Believer of Yredelemnul.
             Killed from afar by Ijyb (11 damage)
             ... with an iceblast
             ... on level 3 of the Dungeon.
             The game lasted 00:08:34 (2764 turns).

jestyr24 the Conjurer (Deep Elf Conjurer)           Turns: 2764, Time: 00:08:35

Health: -4/32      AC:  2    Str:  4    XL:     6   Next: 26%
Magic:  14/14      EV: 12    Int: 25    God:    Yredelemnul [**....]
Gold:   83         SH:  0    Dex: 13    Spells: 7/14 levels left

rFire    . . .     SeeInvis .   p - +0 mace
rCold    . . .     Faith    .   (no shield)
rNeg     . . .     Spirit   .   a - +0 robe
rPois    .         Reflect  .   (no helmet)
rElec    .         Harm     .   (no cloak)
rCorr    .         Rampage  .   (no gloves)
Will     .....                  (no boots)
Stlth    ++........             (no amulet)
HPRegen  0.10/turn              n - ring of wizardry
MPRegen  0.14/turn              (no ring)

@: no status effects
A: no striking features
a: Renounce Religion, Animate Remains, Recall Undead Slaves, Injury Mirror


You were on level 3 of the Dungeon.
You worshipped Yredelemnul.
Yredelemnul was pleased with you.
You visited 1 branch of the dungeon, and saw 4 of its levels.

You collected 83 gold pieces.

Inventory:

Hand Weapons
 d - a +0 hunting sling
 i - a +0 short sword
 p - a +0 mace (weapon)
Armour
 a - a +0 robe (worn)
Magical Staves
 s - a staff of fire
Jewellery
 n - a ring of wizardry (left hand)
Scrolls
 b - a scroll of brand weapon {unknown}
 e - a scroll of noise {unknown}
 f - a scroll of immolation {unknown}
 h - a scroll of teleportation {unknown}
 l - 3 scrolls of identify {unknown}
 q - a scroll of enchant weapon {unknown}
Potions
 c - a potion of haste {unknown}
 g - a potion of lignification {unknown}
 j - a potion of attraction {unknown}
 k - a potion of cancellation {unknown}
 m - a potion of degeneration {unknown}
 o - a potion of mutation {unknown}
 r - a potion of resistance {unknown}


   Skills:
 + Level 3.0 Dodging
 + Level 3.2 Stealth
 + Level 4.6 Spellcasting
 + Level 6.8 Conjurations
 * Level 2.3 Invocations


You had 7 spell levels left.
You knew the following spells:

 Your Spells              Type           Power      Damage    Failure   Level
a - Magic Dart            Conj           100%       1d8       1%          1
b - Searing Ray           Conj           80%        3d6       1%          2
c - Iskenderun's Mystic   Conj/Tloc      22%        2d6       9%          4

Your spell library contained the following spells:

 Spells                   Type           Power      Damage    Failure   Level
 Dazzling Flash           Conj/Hex       44%        N/A       2%          3
 Fulminant Prism          Conj/Hex       11%        3d9       9%          4


Dungeon Overview and Level Annotations

Branches:
Dungeon (4/15)
 Temple: D:4-7

Altars:
Yredelemnul

Annotations:
D:3 Ijyb


Message History

Ijyb shouts!
There is a stone staircase leading down here.
You climb downwards.
There is a stone staircase leading up here.
You start resting.
Magic restored.
As you open the door, it creaks loudly!
There is an open door here.
You open the door.
Found a green potion.
There is an open door here.
Found a stone staircase leading down.
r - a green potion
There is an open door here.
There is an open door here.
You open the door.
There is an open door here.
Found a stone staircase leading up.
There is a stone staircase leading up here.
There is a stone staircase leading up here.
You climb upwards.
Level annotation: Ijyb
There is a stone staircase leading down here.
Found a long runed staff.
You see here a staff of fire.
s - a staff of fire Ijyb is nearby!
The magic dart hits Ijyb.
Ijyb is lightly wounded.
Ijyb shouts!
The magic dart hits Ijyb!
Ijyb is heavily wounded.
Ijyb zaps a wand.
The mass of ice explodes!
The iceblast engulfs you!
Ijyb zaps a wand.
The mass of ice explodes!
The iceblast engulfs you!
Ouch! That really hurt!
* * * LOW HITPOINT WARNING * * *
There is a stone staircase leading down here.
Ijyb zaps a wand.
The mass of ice explodes!
The iceblast engulfs you!
You die...
Your body rises from the dead as a mindless zombie.

#.#.##>###....##.######
#.#†##.# #.#.###.#
####.#.##.# #.#.# #.#
#....#.##.###g#.# #.#
#....#.#...##.#.###.#
#...##..............#
####..†##.#...##.#.#####
......†...##.###.#.#
####...##.##.# #@#.#####
##.....##.# #.......#
########.####.<.##.#
#....<...##.#
######..###.# #...##.#
#.#.##.# #...##.#
##.###.#


You could see Ijyb.

Vanquished Creatures
  Grinder (D:3)
  A scorpion zombie (D:3)
  5 adders
  2 worms
  A dart slug (D:2)
  8 ball pythons
  4 endoplasms
  2 giant cockroaches (D:3)
  3 goblins
  5 hobgoblins
  6 jackals
  2 quokkas
  7 bats
  5 frilled lizards
  2 kobolds
  A rat (D:3)
55 creatures vanquished.

Notes
Turn   | Place    | Note
-------+----------+-------------------------------------------
     0 | D:1      | jestyr24 the Deep Elf Conjurer began the quest for the Orb.
     0 | D:1      | Reached XP level 1. HP: 10/10 MP: 6/6
    77 | D:1      | Found a faded altar of an unknown god.
    85 | D:1      | Became a worshipper of Yredelemnul the Dark
    85 | D:1      | Reached * piety under Yredelemnul
   218 | D:1      | Reached XP level 2. HP: 15/15 MP: 5/8
   221 | D:1      | Learned a level 2 spell: Searing Ray
   348 | D:1      | Reached skill level 5 in Conjurations
  1015 | D:2      | Reached XP level 3. HP: 19/19 MP: 5/9
  1582 | D:2      | Reached ** piety under Yredelemnul
  1918 | D:2      | Reached XP level 4. HP: 24/24 MP: 8/11
  1994 | D:3      | Learned a level 4 spell: Iskenderun's Mystic Blast
  2058 | D:3      | Noticed Grinder
  2067 | D:3      | Killed Grinder
  2068 | D:3      | Reached skill level 6 in Conjurations
  2068 | D:3      | Reached XP level 5. HP: 16/28 MP: 3/13
  2068 | D:3      | Reached XP level 6. HP: 18/32 MP: 3/14
  2520 | D:3      | Noticed Ijyb
  2764 | D:3      | Killed from afar by Ijyb

Illustrated notes

Levels and vault maps discovered:
D:1:      scummos_arrival_simple_crosswalls, layout_basic,
          ebering_ecumenical_altar_rust, roderic_lattice_a
D:2:      layout_loops_cross
D:3:      layout_loops_ring, uniq_grinder, uniq_ijyb
D:4:      layout_basic, lemuel_crystal_altar, vehumet_statue,
          minmay_mini_ossuary

Skill      XL: |  1  2  3  4 |
---------------+-------------+-----
Conjurations   | 5 6 |  6.8
Dodging        | 3 |  3.0
Stealth        | 3 |  3.2
Spellcasting   | 4 |  4.6
Invocations    | 2 |  2.3

Action                   |  1- 3 |  4- 6 || total
-------------------------+-------+-------++-------
Melee: Short sword       |     1 |       ||     1
 Cast: Magic Dart        |    64 |    29 ||    93
       Searing Ray       |     1 |     6 ||     7
Armor: Robe              |     2 |     2 ||     4
Dodge: Dodged            |     1 |     1 ||     2

Table legend: (Time is in decaauts)
 A = Elapsed time spent in this place.
 B = Non-inter-level travel time spent in this place.
 C = Inter-level travel time spent in this place.
 D = Time resting spent in this place.
 E = Time spent auto-exploring this place.
 F = Levels seen in this place.
 G = Mean time per level.
                   A        B        C        D        E       F      G
               +--------+--------+--------+--------+--------+-----+--------+
         Total |   2762 |   2669 |     93 |    551 |   1656 |   4 |  690.5 |
       Dungeon |   2762 |   2669 |     93 |    551 |   1656 |   4 |  690.5 |
               +--------+--------+--------+--------+--------+-----+--------+

Top non-repeatable levels by time:
     D:2: 1018 daAuts
     D:1: 922 daAuts
     D:3: 720 daAuts
     D:4: 100 daAuts
